 Dungeon Crawl Stone Soup version 0.28.0-1-gb440e238dd (webtiles) character file.

Game seed: 8963291111849797951

236 Crownlay the Chopper (level 6, -4/51 HPs)
             Began as a Hill Orc Fighter on Feb 20, 2022.
             Splashed by a jelly's acid (5 damage)
             ... on level 3 of the Dungeon.
             The game lasted 00:03:33 (4174 turns).

Crownlay the Chopper (Hill Orc Fighter)             Turns: 4174, Time: 00:03:33

Health: -4/51      AC:  9    Str: 21    XL:     6   Next: 6%
Magic:  6/6        EV:  9    Int:  8    God:
Gold:   111        SH:  4    Dex: 10    Spells: 5/5 levels left

rFire   . . .      SeeInvis .   a - +0 war axe
rCold   . . .      Faith    .   c - +0 buckler
rNeg    . . .      Spirit   .   b - +0 scale mail
rPois   .          Reflect  .   m - +1 hat
rElec   .          Harm     .   h - +0 cloak
rCorr   .          Rampage  .   (no gloves)
Will    .....                   (no boots)
Stlth   ..........              (no amulet)
HPRegen 0.17/turn               (no ring)
MPRegen 0.10/turn               (no ring)

@: hasted, very quick
A: no striking features
a: no special abilities


You were on level 3 of the Dungeon.
You visited 1 branch of the dungeon, and saw 4 of its levels.

You collected 111 gold pieces.

Inventory:

Hand Weapons
 a - a +0 war axe (weapon)
Missiles
 n - 6 javelins (quivered)
Armour
 b - a +0 scale mail (worn)
 c - a +0 buckler (worn)
 h - a +0 cloak (worn)
 m - a +1 hat (worn)
Scrolls
 e - a scroll of summoning {unknown}
 f - a scroll of blinking {unknown}
 g - a scroll of vulnerability {unknown}
 i - 2 scrolls of teleportation {unknown}
 j - a scroll of identify {unknown}
 k - a scroll of noise {unknown}
 l - 2 scrolls of enchant weapon {unknown}
 q - a scroll of fog {unknown}
 r - a scroll of fear {unknown}
 s - 2 scrolls of enchant armour {unknown}
Potions
 d - 2 potions of might
 o - a potion of lignification {unknown}
 p - a potion of haste
 t - a potion of degeneration {unknown}


   Skills:
 - Level 3.6 Fighting
 * Level 7.6 Axes
 - Level 3.2 Armour
 - Level 4.0 Shields


You had 5 spell levels left.
You didn't know any spells.
Your spell library contained the following spells:

 Spells                   Type           Power      Damage    Failure   Level
 Ensorcelled Hibernation  Hex/Ice        0%         N/A       93%         2
 Passwall                 Tmut/Erth      0%         N/A       93%         2
 Scorch                   Fire           0%         2d5       93%         2
 Dazzling Flash           Conj/Hex       0%         N/A       99%         3
 Swiftness                Air            0%         N/A       99%         3
 Flame Wave               Conj/Fire      0%         2d4       100%        4
 Iskenderun's Mystic Bla  Conj/Tloc      0%         2d3       100%        4
 Starburst                Conj/Fire      0%         6d3       100%        6
 Summon Cactus Giant      Summ           0%         N/A       100%        6


Dungeon Overview and Level Annotations

Branches:
Dungeon (4/15)
 Temple: D:4-7

Altars:

Annotations:
D:4 Menkaure


Message History

a +0 spear; a +0 ring mail; a gnoll corpse A centaur comes into view.
The centaur shouts!
You hear a shout!
The centaur wields a +0 shortbow.
The centaur shoots an arrow.
The arrow hits you!
The centaur shoots an arrow.
You block the arrow.
The centaur shoots an arrow.
The arrow barely misses you.
You hit the jelly but do no damage.
Your hands burn!
The centaur shoots an arrow.
The arrow hits you. The jelly hits you.
You are splashed with acid!
The centaur shoots an arrow.
The arrow closely misses you. The jelly hits you but does no damage.
You are too injured to fight recklessly!
You are too injured to fight recklessly!
The centaur shoots an arrow.
The arrow hits you.
Things that are here:
a +0 spear; a +0 ring mail; a gnoll corpse Menkaure calls on the powers of darkness!
The centaur convulses!
The jelly convulses!
Your body is wracked with pain!
* * * LOW HITPOINT WARNING * * *
There is a stone staircase leading up here.
The jelly hits you but does no damage.
You climb upwards.
There is a stone staircase leading down, spattered with blood here.
You hit the jelly but do no damage.
Your hands burn!
* * * LOW HITPOINT WARNING * * *
The jelly is heavily wounded.
The jelly completely misses you.
You hit the jelly.
Your hands burn!
* * * LOW HITPOINT WARNING * * *
The jelly is severely wounded.
You block the jelly's attack.
You hit the jelly but do no damage.
Your hands burn!
* * * LOW HITPOINT WARNING * * *
The jelly is severely wounded.
You block the jelly's attack.
Okay, then.
Okay, then.
It was a potion of haste.
You feel yourself speed up. The jelly hits you but does no damage.
You hit the jelly.
Your hands burn!
You die...

########...# #...#
##..# #..# #..## ##..#
#..# ##J## #######.[@#
#.....#.#############
#.###.#.#...........#
#.###.#.#.#########.##
#.#...#.#............#
#.#.###.#.#..######..#
#(......#.........<..#
###.#####.########...#
#.# #.......(......#


You could see a jelly.

Vanquished Creatures
  An iguana (D:4)
  7 gnolls
  5 adders
  An adder skeleton (D:4)
  2 worms
  4 dart slugs
  8 ball pythons
  8 bats
  10 endoplasms
  A giant cockroach (D:1)
  4 hobgoblins
  2 jackals (D:1)
  3 kobolds
  2 quokkas (D:2)
  5 frilled lizards
  11 goblins
  6 rats
80 creatures vanquished.

Vanquished Creatures (others)
  4 fungi (D:2)
  15 plants
19 creatures vanquished.

Grand Total: 99 creatures vanquished

Notes
Turn   | Place    | Note
-------+----------+-------------------------------------------
     0 | D:1      | Crownlay the Hill Orc Fighter began the quest for the Orb.
     0 | D:1      | Reached XP level 1. HP: 19/19 MP: 1/1
    49 | D:1      | Reached skill level 3 in Axes
    53 | D:1      | Reached XP level 2. HP: 12/26 MP: 2/2
   533 | D:1      | Reached skill level 4 in Axes
   534 | D:1      | Reached XP level 3. HP: 27/31 MP: 3/3
  1414 | D:2      | Reached skill level 5 in Axes
  1414 | D:2      | Reached XP level 4. HP: 29/39 MP: 4/4
  1870 | D:2      | Found a faded altar of an unknown god.
  1882 | D:2      | Reached skill level 6 in Axes
  2611 | D:3      | Reached XP level 5. HP: 45/45 MP: 5/5
  3832 | D:4      | Reached skill level 7 in Axes
  4133 | D:4      | Noticed Menkaure
  4154 | D:4      | Reached XP level 6. HP: 51/51 MP: 6/6
  4172 | D:3      | HP: 1/51 [acid (4)]
  4174 | D:3      | Splashed by a jelly's acid

Illustrated notes

Levels and vault maps discovered:
D:1:      wander_arrival_peaceful_grave, layout_loops_ring
D:2:      layout_basic, shapermc_ecumenical_altar_mp_ritualfount
D:3:      layout_basic
D:4:      layout_cave_pools, nicolae_elyvilon_temple_path, uniq_menkaure

Skill      XL: |  1  2  3  4  5 |
---------------+----------------+-----
Axes           | 3 4 5 6 7 |  7.6
Shields        | 4 |  4.0
Fighting       | |  3.6
Armour         | |  3.2

Action                   |  1- 3 |  4- 6 || total
-------------------------+-------+-------++-------
Melee: War axe           |   100 |   143 ||   243
  Use: Potion            |       |     1 ||     1
Armor: Scale mail        |    48 |    58 ||   106
Dodge: Dodged            |    47 |    74 ||   121
Block: Buckler           |    23 |    34 ||    57
